 Dungeon Crawl Stone Soup version 0.20.0 (webtiles) character file.

8864 rodrick the Carver (level 11, -5/95 HPs)
             Began as a Minotaur Fighter on May 26, 2017.
             Was a High Priest of Okawaru.
             Slain by Urug
             ... wielding a +2 glaive of protection
              (17 damage)
             ... on level 10 of the Dungeon.
             The game lasted 00:22:38 (8848 turns).

rodrick the Carver (Minotaur Fighter)               Turns: 8848, Time: 00:22:38

Health: -5/95      AC: 11    Str: 25    XL:     11   Next: 15%
Magic:  9/11       EV: 15    Int:  5    God:    Okawaru [*****.]
Gold:   554        SH: 15    Dex:  9    Spells: 10/10 levels left

rFire    . . .     SeeInvis .   a - +1 long sword
rCold    . . .     Gourm    .   c - +1 shield
rNeg     . . .     Faith    .   u - +0 scale mail
rPois    .         Spirit   .   (helmet restricted)
rElec    .         Reflect  .   (no cloak)
rCorr    .         Harm     .   (no gloves)
MR       .....                  i - +0 pair of boots (curse)
Stlth    ++........             (no amulet)
Regen    0.3/turn               (no ring)
MPRegen  0.2/turn               (no ring)

@: heroism, hasted, drained, very quick
A: retaliatory headbutt, horns 2
a: Heroism, Finesse, Renounce Religion


You were on level 10 of the Dungeon.
You worshipped Okawaru.
Okawaru was extremely pleased with you.
You were not hungry.

You visited 1 branch of the dungeon, and saw 10 of its levels.

You collected 554 gold pieces.

Inventory:

Hand Weapons
 a - a +1 long sword (weapon)
Missiles
 d - 7 tomahawks
 A - 3 exploding tomahawks
 G - 2 poisoned javelins (quivered)
Armour
 c - a +1 shield (worn)
 i - a cursed +0 pair of boots (worn)
 u - a +0 scale mail (worn)
Jewellery
 p - an uncursed amulet of the gourmand {unknown}
 v - an uncursed ring of protection from cold
 w - the ring of Phasing {EV+8}
   (You found it on level 8 of the Dungeon)

   [ring of evasion]

   It affects your evasion (+8).
 z - an uncursed ring of ice {unknown}
 H - an uncursed amulet of guardian spirit {unknown}
Wands
 b - a wand of iceblast (7/15)
 n - a wand of iceblast (13/15)
Scrolls
 e - 6 scrolls of remove curse
 k - 4 scrolls of enchant armour
 l - a scroll of teleportation
 q - a scroll of fear
 s - a scroll of recharging
 y - 2 scrolls of magic mapping
 C - 2 scrolls of silence {unknown}
 E - 2 scrolls of enchant weapon
 J - 3 scrolls of identify
Potions
 j - 2 potions of resistance
 m - 3 potions of lignification
 r - 3 potions of brilliance
 t - a potion of agility
 D - a potion of invisibility
 F - a potion of mutation {unknown}
Books
 I - a book of Battle

   Spells                             Type                      Level
   a - Infusion                       Charms                       1
   b - Shroud of Golubria             Charms/Translocation         2
   c - Song of Slaying                Charms                       2
   d - Spectral Weapon                Hexes/Charms                 3
   e - Regeneration                   Charms/Necromancy            3
Comestibles
 f - 6 bread rations
 g - 4 royal jellies
 o - 4 meat rations
 B - 4 fruits
 K - 2 chunks of flesh


   Skills:
 + Level 8.3(13.1) Fighting
 + Level 12.0(16.7) Long Blades
 + Level 1.0(5.7) Throwing
 + Level 9.6(14.4) Armour
 + Level 5.7(10.4) Dodging
 + Level 1.1(5.9) Stealth
 + Level 10.7(15.4) Shields
 + Level 1.7(1.5) Invocations


You had 10 spell levels left.
You didn't know any spells.

Dungeon Overview and Level Annotations

Branches:
Dungeon (10/15)            Temple (0/1) D:7            Lair (0/6) D:10
    Orc: D:9-12

Altars:
Ashenzari
Gozag
Kikubaaqudgha
Nemelex Xobeh
Okawaru
Qazlal
Trog
Xom

Annotations:
D:4 Dowan, Duvessa
D:10 Urug


Innate Abilities, Weirdness & Mutations

You reflexively headbutt those who attack you in melee.
You have a pair of horns on your head.


Message History

Urug hits you with a glaive of protection!!
* * * LOW HITPOINT WARNING * * *
You block the orc's attack.
You feel much better. You block Urug's attack.
The orc hits you but does no damage.
The orc priest invokes the aid of Beogh against you.
Beogh smites you!
* * * LOW HITPOINT WARNING * * *
You gain the combat prowess of a mighty hero.
Urug hits you with a glaive of protection!
* * * LOW HITPOINT WARNING * * *
The orc barely misses you.
Okay, then.
You feel yourself speed up.
The orc priest looks braver for a moment.
The orc hits you but does no damage.
You slash Urug!
Urug is heavily wounded.
Urug hits you with a glaive of protection!
You die...

#####..................#
#......#####...###.#.###
######.## ###.....#....
#..#### ##..######.
##....## #..# #.
#.##..####### ##
#(###.......# # #)#
#######.###### #@#
#......^ #o# ########


oZo ..o.. ....... #........ #........# #........# You could see Urug, an orc
priest, 2 orcs and a bullfrog skeleton.

Vanquished Creatures
  Josephine (D:10)
  2 two-headed ogres
  Pikel (D:7)
  A troll (D:9)
  Grinder (D:6)
  4 wraiths (D:10)
  A spriggan (D:9)
  Eustachio (D:5)
  A steam dragon (D:9)
  3 ice beasts
  2 orc warriors
  5 sky beasts
  A black bear (D:6)
  4 ogres
  4 centaurs
  A necrophage (D:7)
  2 big kobolds
  3 bullfrogs
  5 scorpions
  15 killer bees
  7 wights (D:8)
  3 howler monkeys
  4 crimson imps
  A quasit (D:8)
  3 hounds
  A centaur skeleton (D:9)
  3 centaur zombies
  2 jellies
  13 orc wizards
  8 orc priests
  6 iguanas
  5 worker ants
  2 hound skeletons
  2 gnolls (D:7)
  8 adders
  A howler monkey skeleton (D:10)
  A shadow imp (D:9)
  An adder skeleton (D:4)
  5 worms
  2 dart slugs
  4 leopard geckos
  36 orcs
  5 giant cockroaches
  6 goblins
  5 hobgoblins
  4 jackals (D:9)
  2 quokkas
  A ball python (D:3)
  9 bats
  9 frilled lizards
  17 kobolds
  A leopard gecko zombie (D:9)
  5 rats
240 creatures vanquished.

Vanquished Creatures (others)
  2 slaves
  A gnoll (D:7)
  2 orcs (D:7)
  A kobold (D:10)
6 creatures vanquished.

Grand Total: 246 creatures vanquished

Notes
Turn   | Place    | Note
-------+----------+-------------------------------------------
     0 | D:1      | rodrick the Minotaur Fighter began the quest for the Orb.
     0 | D:1      | Reached XP level 1. HP: 19/19 MP: 0/0
   166 | D:1      | Reached XP level 2. HP: 24/27 MP: 1/1
   509 | D:2      | Reached XP level 3. HP: 23/33 MP: 2/2
   651 | D:2      | Found a shattered altar of Ashenzari.
   659 | D:2      | Reached skill level 3 in Long Blades
   860 | D:2      | Found a stormy altar of Qazlal.
   873 | D:2      | Found an iron altar of Okawaru.
   903 | D:2      | Became a worshipper of Warmaster Okawaru
  1022 | D:2      | Reached XP level 4. HP: 40/40 MP: 3/3
  1310 | D:3      | Reached skill level 1 in Dodging
  1311 | D:3      | Reached skill level 4 in Long Blades
  1311 | D:3      | Reached XP level 5. HP: 19/46 MP: 4/4
  1809 | D:3      | Reached skill level 5 in Shields
  1931 | D:4      | Noticed Duvessa
  1931 | D:4      | Noticed Dowan
  2156 | D:4      | Reached skill level 5 in Long Blades
  2156 | D:4      | Reached XP level 6. HP: 50/53 MP: 5/5
  2311 | D:5      | Entered Level 5 of the Dungeon
  2415 | D:5      | Reached * piety under Okawaru
  2672 | D:5      | Found an opulent altar of Gozag.
  2789 | D:5      | Noticed Eustachio
  2808 | D:5      | Killed Eustachio
  2808 | D:5      | Reached skill level 6 in Long Blades
  2808 | D:5      | Reached skill level 5 in Armour
  2808 | D:5      | Reached XP level 7. HP: 59/60 MP: 6/6
  3599 | D:6      | Reached skill level 7 in Long Blades
  3605 | D:6      | Found a shimmering altar of Xom.
  3658 | D:6      | Noticed Grinder
  3659 | D:6      | Paralysed by Grinder for 4 turns
  3669 | D:6      | Killed Grinder
  3669 | D:6      | Reached ** piety under Okawaru
  3669 | D:6      | Reached skill level 5 in Fighting
  3669 | D:6      | Reached XP level 8. HP: 42/68 MP: 4/7
  3841 | D:6      | Reached skill level 8 in Long Blades
  4341 | D:6      | Found a bloodstained altar of Trog.
  4620 | D:7      | Found a staircase to the Ecumenical Temple.
  4633 | D:7      | Noticed Pikel
  4635 | D:7      | Reached *** piety under Okawaru
  4698 | D:7      | Killed Pikel
  4698 | D:7      | Reached skill level 9 in Long Blades
  4698 | D:7      | Reached XP level 9. HP: 36/75 MP: 5/8
  5472 | D:8      | Reached skill level 10 in Long Blades
  5599 | D:8      | Reached **** piety under Okawaru
  5603 | D:8      | Received a gift from Okawaru
  5984 | D:8      | Found a sparkling altar of Nemelex Xobeh.
  6162 | D:9      | Noticed a troll
  6267 | D:9      | Killed a troll
  6267 | D:9      | Reached XP level 10. HP: 31/84 MP: 9/9
  6503 | D:9      | Noticed a two-headed ogre
  6513 | D:9      | Killed a two-headed ogre
  6513 | D:9      | Reached skill level 1 in Throwing
  6535 | D:9      | Found an ancient bone altar of Kikubaaqudgha.
  6599 | D:9      | Reached ***** piety under Okawaru
  6599 | D:9      | Reached skill level 11 in Long Blades
  6637 | D:9      | Reached skill level 1 in Stealth
  7259 | D:9      | Reached skill level 5 in Dodging
  7650 | D:9      | Reached skill level 1 in Invocations
  7888 | D:10     | Entered Level 10 of the Dungeon
  7957 | D:10     | Reached skill level 10 in Shields
  7983 | D:10     | Received a gift from Okawaru
  8404 | D:10     | Noticed a two-headed ogre
  8405 | D:10     | Noticed Josephine
  8440 | D:10     | Killed a two-headed ogre
  8440 | D:10     | Reached XP level 11. HP: 67/94 MP: 3/11
  8467 | D:10     | Killed Josephine
  8748 | D:10     | Found a staircase to the Lair.
  8810 | D:10     | Reached skill level 12 in Long Blades
  8832 | D:10     | Noticed Urug
  8848 | D:10     | Slain by Urug

Skill      XL: |  1  2  3  4  5  6  7  8  9 10 11 |
---------------+----------------------------------+-----
Shields        | 4 5 6 7 9 10 | 10.7
Armour         | 4 5 6 7 8 9 |  9.6
Fighting       | 4 5 6 8 |  8.3
Long Blades    | 3 4 5 6 7 9 10 11 12 | 12.0
Dodging        | 1 2 3 4 5 |  5.7
Throwing       | 1 |  1.0
Stealth        | 1 |  1.1
Invocations    | 1 |  1.7

Action                   |  1- 3 |  4- 6 |  7- 9 | 10-12 || total
-------------------------+-------+-------+-------+-------++-------
Melee: Long sword        |    98 |   155 |   291 |   299 ||   843
       Headbutt          |     6 |    31 |    54 |    60 ||   151
Throw: Tomahawk          |       |       |     3 |     3 ||     6
Invok: Heroism           |       |       |     2 |     7 ||     9
       Finesse           |       |       |       |     1 ||     1
  Use: Potion            |       |     1 |     2 |     4 ||     7
       Scroll            |       |     9 |    12 |       ||    21
  Eat: Chunk             |     1 |     5 |    12 |     8 ||    26
Armor: Scale mail        |    35 |    79 |    83 |    48 ||   245
Dodge: Dodged            |    24 |    49 |    75 |    99 ||   247
Block: Shield            |    61 |    92 |   165 |   196 ||   514
       Rpst.: Long sword |     6 |     8 |    12 |    31 ||    57
